 Dungeon Crawl Stone Soup version 0.29.1-12-g30fa7ad0bf (webtiles) character file.

Game seed: 12682845452484346733

6283 GeoRichter the Destroyer (level 10, -11/50 HPs)
             Began as a Tengu Air Elementalist on Dec 26, 2022.
             Was a Priest of Vehumet.
             Mangled by a wyvern (17 damage)
             ... on level 9 of the Dungeon.
             The game lasted 00:16:22 (9977 turns).

GeoRichter the Destroyer (Tengu Air Elementalist)   Turns: 9977, Time: 00:16:22

Health: -11/50     AC:  3    Str:  8    XL:     10   Next: 94%
Magic:  18/31      EV: 14    Int: 25    God:    Vehumet [***...]
Gold:   1448       SH:  0    Dex: 17    Spells: 11/24 levels left

rFire   . . .      SeeInvis .   l - +3 rapier "Umeevif" {vorpal, *Noise rC+++ Will++ MP+9 Dex-5}
rCold   + + +      Faith    .   (no shield)
rNeg    . . .      Spirit   .   k - +0 leather armour
rPois   .          Reflect  .   (helmet restricted)
rElec   .          Harm     .   (no cloak)
rCorr   .          Rampage  .   (no gloves)
Will    ++...                   (boots unavailable)
Stlth   ++........              (no amulet)
HPRegen 0.16/turn               d - +6 ring of dexterity
MPRegen 0.22/turn               c - +6 ring of intelligence

@: marked, flying quickly and evasively, quick
A: beak, talons 3, nimble flight
a: Renounce Religion


You were on level 9 of the Dungeon.
You worshipped Vehumet.
Vehumet was most pleased with you.
You visited 2 branches of the dungeon, and saw 10 of its levels.
You also visited: Bailey.

You collected 1448 gold pieces.

Inventory:

Hand Weapons
 g - a +0 spear
   (You found it on level 1 of the Dungeon)
 l - the +3 rapier "Umeevif" (weapon) {vorpal, *Noise rC+++ Will++ MP+9 Dex-5}
   (You found it on level 2 of the Dungeon)

   It inflicts extra damage upon your enemies.
   Dex:       It affects your dexterity (-5).
   rC:        It renders you almost immune to cold.
   MP:        It affects your magic capacity (+9).
   *Noise:    It may make noises in combat.
   Will:      It greatly increases your willpower.
Missiles
 w - 2 throwing nets {!f}
Armour
 a - a +0 robe
 k - a +0 leather armour (worn)
   (You found it on level 1 of the Dungeon)
Jewellery
 c - a +6 ring of intelligence (right hand)
   (You found it on level 7 of the Dungeon)
 d - a +6 ring of dexterity (left hand)
   (You found it on level 1 of the Dungeon)
 G - a ring of poison resistance
   (You found it on level 9 of the Dungeon)
Wands
 p - a wand of iceblast (12)
   (You found it on level 3 of the Dungeon)
 C - a wand of paralysis (12)
   (You found it on level 6 of the Dungeon)
Scrolls
 e - 2 scrolls of enchant armour {unknown}
 h - 4 scrolls of blinking
 s - 3 scrolls of magic mapping
 u - 2 scrolls of immolation {unknown}
 v - 2 scrolls of poison {unknown}
 x - 4 scrolls of teleportation {@r4}
 y - 3 scrolls of fear
 E - a scroll of torment {unknown}
 F - a scroll of butterflies {unknown}
 H - a scroll of noise {unknown}
Potions
 b - 2 potions of magic
 f - 2 potions of might {unknown}
 i - 3 potions of lignification {!q}
 j - 11 potions of curing {@q1}
 m - 4 potions of haste {@q3}
 n - a potion of degeneration {unknown}
 o - 3 potions of brilliance
 q - a potion of attraction {unknown}
 r - 3 potions of heal wounds {@q2}
 t - 2 potions of cancellation {unknown}
 A - 3 potions of ambrosia
 B - a potion of berserk rage {unknown}
 D - 2 potions of invisibility {unknown}


   Skills:
 - Level 2.1 Dodging
 - Level 2.0 Stealth
 + Level 7.9 Spellcasting
 - Level 12.0 Conjurations
 - Level 11.5 Air Magic
 * Level 4.5 Earth Magic


You had 11 spell levels left.
You knew the following spells:

 Your Spells              Type           Power      Damage    Failure   Level
a - Shock                 Conj/Air       100%       1d9       1%          1
b - Static Discharge      Conj/Air       62%        3-11/arc  1%          2
c - Airstrike             Air            30%        2d(5-21)  1%          4
d - Sandblast             Erth           64%        2d14      1%          1
e - Iskenderun's Battles  Conj           63%        2d11      1%          5

Your spell library contained the following spells:

 Spells                   Type           Power      Damage    Failure   Level
 Scorch                   Fire           18%        2d5       4%          2
 Poisonous Vapours        Pois/Air       76%        N/A       1%          2
 Searing Ray              Conj           100%       2d8       1%          2
 Swiftness                Air            61%        N/A       1%          3
 Lightning Bolt           Conj/Air       31%        1d48      1%          5
 Hailstorm                Conj/Ice       40%        3d10      2%          4
 Iskenderun's Mystic Bla  Conj/Tloc      40%        2d9       2%          4
 Irradiate                Conj/Tmut      20%        3d18      5%          5
 Apportation              Tloc           18%        N/A       9%          1
 Necrotise                Necr           36%        1d5       9%          1
 Sting                    Tmut/Pois      36%        1d4       9%          1
 Summon Small Mammal      Summ           36%        N/A       9%          1
 Blink                    Tloc           18%        N/A       14%         2
 Sublimation of Blood     Necr           9%         N/A       14%         2
 Olgreb's Toxic Radiance  Pois           9%         N/A       22%         4
 Gell's Gravitas          Tloc           9%         N/A       26%         3
 Lesser Beckoning         Tloc           9%         N/A       26%         3
 Ozocubu's Armour         Ice            9%         N/A       26%         3
 Teleport Other           Tloc           9%         N/A       26%         3
 Starburst                Conj/Fire      20%        6d7       28%         6
 Petrify                  Tmut/Erth      21%        N/A       34%         4
 Manifold Assault         Tloc           9%         N/A       94%         5
 Metabolic Englaciation   Hex/Ice        4%         N/A       94%         5
 Simulacrum               Ice/Necr       4%         N/A       100%        6


Dungeon Overview and Level Annotations

Branches:
Dungeon (9/15) Zot: 26496  Temple (1/1) D:5 Zot: 5977  Bailey (visited)
   Lair: D:8-11         Orc: D:9-12

Altars:
Ashenzari
Cheibriados
Dithmenos
Elyvilon
Gozag
Hepliaklqana
Kikubaaqudgha
Makhleb
Nemelex Xobeh
Okawaru
Qazlal
Ru
Sif Muna
Trog
Uskayaw
Vehumet
Wu Jian
Yredelemnul
Zin
The Shining One

Annotations:
D:2 1 runed translucent door, Crazy Yiuf
D:3 Ijyb


Innate Abilities, Weirdness & Mutations

You have a beak for a mouth.
You have claws for feet.
Your magical nature lets you fly swiftly and evasively.


Message History

The barrage of energy hits the kobold brigand!
The centaur wields a +0 shortbow.
The centaur shoots an arrow.
The arrow hits your battlesphere. The kobold brigand barely misses you.
The zap hits the kobold brigand.
Your battlesphere fires!
The barrage of energy hits the centaur!
A two-headed ogre comes into view.
It is wielding a +0 giant club and a +0 giant spiked club.
The kobold brigand hits you with a +0 short sword.
The zap hits the kobold brigand.
You kill the kobold brigand!
Vehumet accepts your kill.
You feel your power returning.
Your battlesphere fires!
The barrage of energy hits the centaur!
You kill the centaur!
Vehumet accepts your kill.
You feel your power returning.
A wyvern comes into view.
The zap misses the wyvern.
Your battlesphere fires!
The barrage of energy hits the two-headed ogre!
The wyvern bites your battlesphere.
Aim: a two-headed ogre, wielding a +0 giant club and a +0 giant spiked club (moderately wounded, 88% to hit)
The zap hits the two-headed ogre!
Your battlesphere fires!
The barrage of energy hits the two-headed ogre.
Your battlesphere expends the last of its energy and dissipates.
An orc wizard comes into view. It is wielding a +2 dagger of venom.
The wyvern barely misses you.
Aim: a two-headed ogre, wielding a +0 giant club and a +0 giant spiked club (heavily wounded, 88% to hit)
Okay, then.
The wyvern attacks as you move away! The wyvern completely misses you.
An orc warrior comes into view. It is wielding a +0 hand axe.
Aim: a two-headed ogre, wielding a +0 giant club and a +0 giant spiked club (heavily wounded, empty space bonus: 4/8)
Okay, then.
Aim: a two-headed ogre, wielding a +0 giant club and a +0 giant spiked club (heavily wounded, empty space bonus: 4/8)
The air twists around and strikes the two-headed ogre!
The wyvern bites you!
* * * LOW HITPOINT WARNING * * *
The orc wizard casts a spell.
The orc wizard flickers and vanishes!
Deactivating autopickup; reactivate with Ctrl-A.
The wyvern is struck by an arc of lightning.
You are struck by an arc of lightning.
* * * LOW HITPOINT WARNING * * *
The wyvern is struck by an arc of lightning!
The lightning grounds out.
The wyvern bites you!
* * * LOW HITPOINT WARNING * * *
The wyvern bites you!
You die...

...##<.......#######
##.##.##...........#
.))))........# #....
......##.###.# #.#.#
##.#####.# #.###.#o#
##.#
###.###.....#{######
#)..
#.....)....O○.......
)#.#
#.#.#####.#l#.######
##.##..#.# #.#@#.#
)..... #.# #.#.#.#
.#.##. ... ....#.#
.. . ... ......# ..#
..## ##.#.### ..
#.#.# #.#.. ## # ###
#. . ####### #.


You could see a two-headed ogre, an orc warrior and a wyvern.

Vanquished Creatures
  An orc warlord (Bailey)
  2 two-headed ogres
  3 yaks (D:8)
  An acid dragon (D:9)
  3 water moccasins
  3 black bears
  A sky beast (D:7)
  3 orc warriors (Bailey)
  2 ogres
  7 centaurs
  3 phantoms
  2 kobold brigands (D:9)
  3 bullfrogs
  4 necrophages
  A gnoll sergeant (D:8)
  2 scorpions
  6 killer bees (D:8)
  3 howler monkeys (D:7)
  3 hounds
  3 orc priests
  A jelly (D:8)
  3 iguanas
  2 orc wizards
  9 adders
  13 gnolls
  2 white imps
  2 ufetubi
  A worm (D:3)
  4 dart slugs
  23 orcs
  4 ball pythons
  2 bats (D:2)
  5 endoplasms
  3 giant cockroaches
  18 goblins
  13 hobgoblins
  A quokka (D:1)
  7 frilled lizards
  19 kobolds
  13 rats
201 creatures vanquished.

Vanquished Creatures (others)
  5 plants (D:5)
5 creatures vanquished.

Grand Total: 206 creatures vanquished

Notes
Turn   | Place    | Note
-------+----------+-------------------------------------------
     0 | D:1      | GeoRichter the Tengu Air Elementalist began the quest for
                  | the Orb.
     0 | D:1      | Reached XP level 1. HP: 10/10 MP: 4/4
   112 | D:1      | Reached skill level 2 in Conjurations
   184 | D:1      | Reached XP level 2. HP: 15/15 MP: 4/6
   470 | D:1      | Learned a level 2 spell: Static Discharge
  1106 | D:2      | Identified the +3 rapier "Umeevif" {vorpal, *Noise rC+++
                  | Will++ MP+9 Dex-5}
  1224 | D:2      | Reached XP level 3. HP: 19/19 MP: 7/7
  1282 | D:2      | Reached skill level 3 in Conjurations
  1498 | D:2      | Found a faded altar of an unknown god.
  1757 | D:2      | Reached XP level 4. HP: 24/24 MP: 8/8
  2183 | D:2      | Found a runed translucent door.
  2184 | D:2      | Noticed Crazy Yiuf
  2390 | D:3      | Reached skill level 4 in Conjurations
  2495 | D:3      | Gained mutation: Your magical nature lets you fly swiftly
                  | and evasively. [Tengu growth]
  2495 | D:3      | Reached XP level 5. HP: 28/28 MP: 10/10
  2535 | D:3      | Reached skill level 5 in Air Magic
  2799 | D:3      | Found an iron altar of Okawaru.
  2852 | D:3      | Noticed Ijyb
  3074 | D:3      | Learned a level 4 spell: Airstrike
  3556 | D:4      | Reached skill level 5 in Conjurations
  3747 | D:4      | Found a broken altar of Ashenzari.
  3747 | D:4      | Noticed a black bear
  3750 | D:4      | Killed a black bear
  3751 | D:4      | Reached XP level 6. HP: 27/32 MP: 12/12
  3928 | D:4      | Noticed a black bear
  3931 | D:4      | Killed a black bear
  4105 | D:4      | Reached skill level 6 in Conjurations
  4105 | D:4      | Reached XP level 7. HP: 36/36 MP: 13/13
  4471 | D:5      | Entered Level 5 of the Dungeon
  4482 | D:5      | Found a staircase to the Ecumenical Temple.
  4504 | Temple   | Entered the Ecumenical Temple
  4523 | Temple   | Became a worshipper of Vehumet
  4587 | D:5      | You are sucked into a shaft and drop 2 floors!
  4688 | D:6      | Noticed a two-headed ogre
  4907 | D:6      | Reached XP level 8. HP: 41/41 MP: 15/15
  4983 | D:6      | Found a stormy altar of Qazlal.
  5138 | D:5      | Reached skill level 7 in Conjurations
  5704 | D:5      | Found an ornate altar of the Wu Jian Council.
  5704 | D:5      | Found a hazy altar of Hepliaklqana.
  5834 | D:5      | Reached * piety under Vehumet
  5834 | D:5      | Offered knowledge of Sandblast by Vehumet.
  5835 | D:5      | Reached skill level 5 in Spellcasting
  5837 | D:5      | Learned a level 1 spell: Sandblast
  6191 | D:6      | Killed a two-headed ogre
  6192 | D:6      | Reached skill level 9 in Conjurations
  6192 | D:6      | Reached skill level 10 in Air Magic
  6192 | D:6      | Reached XP level 9. HP: 45/45 MP: 6/18
  6648 | D:7      | Reached skill level 10 in Conjurations
  6700 | D:7      | Found an opulent altar of Gozag.
  6964 | D:7      | Found a basalt altar of Yredelemnul.
  7241 | D:7      | Found a sparkling altar of Nemelex Xobeh.
  7515 | D:8      | Reached skill level 11 in Conjurations
  8330 | D:8      | Offered knowledge of Foxfire by Vehumet.
  8331 | D:8      | Reached XP level 10. HP: 47/50 MP: 18/20
  8433 | D:8      | Reached ** piety under Vehumet
  8438 | D:8      | Reached skill level 12 in Conjurations
  8912 | D:9      | Found a flagged portal.
  8925 | Bailey   | Entered a bailey
  8945 | Bailey   | Noticed an orc warlord
  8987 | Bailey   | Reached skill level 1 in Earth Magic
  9131 | Bailey   | Offered knowledge of Scorch by Vehumet.
  9168 | Bailey   | Found a runed translucent gate.
  9171 | Bailey   | Found a runed translucent gate.
  9172 | Bailey   | Found a runed translucent gate.
  9300 | Bailey   | Acquired Sif Muna's Compendium of the Destructive
                  | Pyromaniac
  9308 | Bailey   | Learned a level 5 spell: Iskenderun's Battlesphere
  9379 | Bailey   | Killed an orc warlord
  9379 | Bailey   | Reached *** piety under Vehumet
  9496 | Bailey   | Acquired 898 gold pieces
  9563 | D:9      | Noticed a two-headed ogre
  9567 | D:9      | Killed a two-headed ogre
  9656 | D:9      | Found a sacrificial altar of Ru.
  9971 | D:9      | Noticed a two-headed ogre
  9977 | D:9      | Mangled by a wyvern

Illustrated notes

Levels and vault maps discovered:
D:1:      scummos_arrival_checkerplants, layout_basic
D:2:      layout_basic, hellmonk_ecumenical_altar_prayer_group,
          minmay_split_cup_small, uniq_crazy_yiuf_cottage
D:3:      layout_loops_ring, kennysheep_okawaru_gauntlet,
          kennysheep_generic_room_7, uniq_ijyb
D:4:      layout_rooms, lemuel_crystal_altar, serial_bayou_pond_d,
          grunt_decor_fettered
D:5:      layout_rooms, gammafunk_temple_overflow_elements,
          minmay_temple_entry_waves, serial_bayou, serial_bayou_shore_a,
          serial_bayou_crossing, serial_bayou_ford_a, serial_bayou_pond_e
D:6:      layout_loops_ring, nicolae_qazlal_eye_of_the_storm
D:7:      layout_rooms, mainiacjoe_overflow_six_doors_small,
          chequers_temple_overflow_statue_of_worship
D:8:      layout_basic
D:9:      hellmonk_destroyed_diamonds, layout_loops_ring,
          nicolae_ru_the_path_less_chosen, xom_confusion_cloud, enter_bailey_6,
          ebering_ghost_inner_flame
Temple:   minmay_freezing_vapour_temple

Skill      XL: |  1  2  3  4  5  6  7  8  9 10 |
---------------+-------------------------------+-----
Conjurations   | 2 3 4 5 6 9 11 12 | 12.0
Air Magic      | 6 7 8 10 11 | 11.5
Spellcasting   | 3 4 5 6 7 |  7.9
Earth Magic    | 4 |  4.5
Dodging        | |  2.1
Stealth        | |  2.0

Action                   |  1- 3 |  4- 6 |  7- 9 | 10-12 || total
-------------------------+-------+-------+-------+-------++-------
Melee: Spear             |     1 |       |       |       ||     1
       Rapier            |     1 |       |     3 |     3 ||     7
       Kick              |       |       |     1 |       ||     1
       Peck              |       |       |     1 |       ||     1
 Cast: Shock             |    70 |    98 |    91 |    81 ||   340
       Static Discharge  |       |     7 |    14 |     7 ||    28
       Airstrike         |       |       |    48 |    21 ||    69
       Iskenderun's Batt |       |       |       |     6 ||     6
Evoke: Wand              |       |       |     4 |       ||     4
  Use: Scroll            |       |       |     5 |     8 ||    13
Armor: Leather armour    |       |     1 |     3 |     2 ||     6
Dodge: Dodged            |     2 |    14 |    22 |    17 ||    55
